 Dungeon Crawl Stone Soup version 0.24.0-123-gd5b16e6ec5 (webtiles) character file.

Game seed: 12368109098923908783, levelgen mode: deterministic

2321 postmodernbrute the Chopper (level 9, -1/56 HPs)
             Began as a Gargoyle Monk on Jan 12, 2020.
             Slain by a +2 trident of chaos (10 damage)
             ... on level 7 of the Dungeon.
             The game lasted 00:39:51 (4948 turns).

postmodernbrute the Chopper (Gargoyle Monk)         Turns: 4948, Time: 00:39:52

Health: -1/56      AC: 12    Str: 15    XL:     9   Next: 42%
Magic:  9/9        EV: 21    Int: 11    God:
Gold:   385        SH:  0    Dex: 17    Spells: 8/8 levels left

rFire    . . .     SeeInvis .   (weapon currently unavailable)
rCold    . . .     Gourm    .   (shield currently unavailable)
rNeg     + + +     Faith    .   (armour currently unavailable)
rPois    ∞         Spirit   .   (helmet currently unavailable)
rElec    .         Reflect  .   (cloak currently unavailable)
rCorr    .         Harm     .   (gloves currently unavailable)
MR       +....                  (boots currently unavailable)
Stlth    ++........             (no amulet)
HPRegen  0.18/turn              g - ring of flight
MPRegen  0.11/turn              r - ring of protection from magic

@: about to teleport, fungus-form, very slightly contaminated
A: tiny, agile 1, negative energy resistance 1, petrification resistance, rot
immunity, AC +6
a: Evoke Flight


You were on level 7 of the Dungeon.
You were not hungry.
You were a sentient fungus.
You visited 1 branch of the dungeon, and saw 7 of its levels.

You collected 385 gold pieces.

Inventory:

Hand Weapons
 a - the +3 hand axe of Victory (melded) {drain, rN+ MR+ Str+4}
   (You found it on level 4 of the Dungeon)

   A truly terrible weapon, it drains the life of those it strikes.
   It affects your strength (+4).
   It protects you from negative energy.
   It affects your resistance to hostile enchantments.
 b - a +0 lajatang
 w - a +0 quarterstaff
 z - a +0 mace
Missiles
 m - 4 boomerangs
 o - 29 poisoned darts (quivered)
Armour
 e - a +0 buckler (melded)
 f - a +4 chain mail
 h - a +0 leather armour
 l - a +0 cloak (melded)
 p - a +0 pair of gloves (melded)
 v - a +2 helmet
 y - +1 fire dragon scales (melded)
Magical Staves
 t - an uncursed staff of energy
Jewellery
 g - a ring of flight (left hypha)
 r - a ring of protection from magic (right hypha)
Wands
 d - a wand of polymorph (1)
Scrolls
 j - 2 scrolls of remove curse
 k - 5 scrolls of identify
 C - a scroll of immolation {unknown}
Potions
 q - a potion of curing
 A - a potion of invisibility {unknown}
 B - a potion of haste
 D - a potion of agility {unknown}
Comestibles
 c - 12 rations


   Skills:
 - Level 6.6 Fighting
 + Level 6.8(7.2) Axes
 - Level 3.5(7.0) Maces & Flails
 - Level 5.4(6.0) Staves
 + Level 4.7 Armour
 - Level 3.0 Dodging
 - Level 3.0 Stealth
 + Level 1.1 Shields


You had 8 spell levels left.
You didn't know any spells.
Your spell library contained the following spells:

 Spells                   Type           Power        Failure   Level  Hunger
 Animate Skeleton         Necr           N/A          34%         1    ##.....
 Apportation              Tloc           #.....       34%         1    ##.....
 Confusing Touch          Hex            #.....       34%         1    ##.....
 Summon Small Mammal      Summ           #...         34%         1    ##.....


Dungeon Overview and Level Annotations

Branches:
Dungeon (7/15)
 Temple: D:4-7

Altars:
Dithmenos
Hepliaklqana
Kikubaaqudgha
Nemelex Xobeh
Qazlal
Vehumet
Xom

Annotations:
D:7 treziel's ghost, novice GrFi


Innate Abilities, Weirdness & Mutations

You are resistant to torment.
((Your stone body is resilient. (AC +6)))
You are immune to poison.
You resist negative energy. (rN+)
((You are resistant to electric shocks. (rElec)))
((You can survive without breathing.))
You are immune to petrification.
You are immune to rotting.
((You have a pair of small antennae on your head.))
You are agile. (Dex +2)


Message History

As you read the scroll of blinking, it crumbles to dust.
You're too terrified to move while being watched!
Unknown command.
You feel better.
Treziel's ghost wails, "What do you have that I didn't have?"
You're too terrified to move while being watched!
You're too terrified to move while being watched!
As you read the scroll labeled AXUIFUPYUC, it crumbles to dust.
You smell bat guano.
It was a scroll of random uselessness.
As you read the scroll labeled BOUFAEL MESUIS, it crumbles to dust.
The scroll dissolves into smoke.
It was a scroll of fog.
You're too terrified to move while being watched!
As you read the scroll labeled RUISYU IHEQE, it crumbles to dust.
It is a scroll of enchant armour.
Your +0 fire dragon scales glow green for a moment.
As you read the scroll labeled HOT TATHANURR, it crumbles to dust.
You feel strangely unstable.
It was a scroll of teleportation.
Treziel's ghost hits you but does no damage.
The +2 trident of chaos hits you from afar!
You die...

###### #...(..# #)...#
##....## #..).# #.#.##
#....####...# ###
#.......##..#### ##..
#....#.........##...
#....#......§§.#..#
#....#......§(W#.## ###.
#....#######§§§f§.#######.....
###.## ###§§##†(..)†...# #.##
##.§§##.<.).)....# #.†#
##..§§...########..# ##†#
#..####### .# ###.####..# #
#.....##.## #.....#..#
#.<..)...####


You could see a +2 trident of chaos and treziel's ghost.

Vanquished Creatures
  2 orc warriors (D:6)
  2 ice beasts
  A sky beast (D:5)
  2 necrophages (D:7)
  An ogre (D:5)
  A centaur (D:6)
  A phantom (D:4)
  The ghost of Tsab79 the Grave Robber, an amateur DsNe (D:3)
  A big kobold (D:7)
  Blork the orc (D:6)
  2 bullfrogs
  3 wights (D:6)
  A howler monkey (D:4)
  2 crimson imps
  A jelly (D:5)
  4 hounds (D:5)
  A bullfrog skeleton (D:5)
  An iguana (D:5)
  6 orc wizards
  A worker ant (D:4)
  Natasha (thrice) (D:2)
  2 hound skeletons
  2 worker ant zombies
  A howler monkey zombie (D:6)
  Robin (D:2)
  9 adders
  6 gnolls
  An ooze (D:4)
  An adder zombie (D:5)
  2 worms (D:4)
  5 dart slugs
  9 leopard geckos
  20 orcs
  2 ball pythons
  4 bats
  8 giant cockroaches
  17 goblins
  5 hobgoblins
  17 jackals
  A quokka (D:3)
  7 frilled lizards
  A giant cockroach zombie (D:6)
  13 kobolds
  2 quokka skeletons
  A quokka zombie (D:6)
  10 rats
185 creatures vanquished.

Vanquished Creatures (others)
  2 fungi (D:1)
  3 toadstools (D:1)
5 creatures vanquished.

Grand Total: 190 creatures vanquished

Notes
Turn   | Place    | Note
-------+----------+-------------------------------------------
     0 | D:1      | postmodernbrute the Gargoyle Monk began the quest for the
                  | Orb.
     0 | D:1      | Reached XP level 1. HP: 14/14 MP: 1/1
     2 | D:1      | Noticed a centaur
     2 | D:1      | Noticed a dwarf
     4 | D:1      | Noticed a merfolk
     4 | D:1      | Noticed a minotaur
     6 | D:1      | Noticed an elf
     6 | D:1      | Noticed an octopode
     8 | D:1      | Noticed a felid
    10 | D:1      | Noticed a demigod
    10 | D:1      | Noticed a troll
    12 | D:1      | Noticed a human
    12 | D:1      | Noticed a vine stalker
    14 | D:1      | Noticed a gargoyle
    14 | D:1      | Noticed a draconian
    16 | D:1      | Noticed a halfling
    16 | D:1      | Noticed a formicid
    19 | D:1      | Noticed a ghoul
    21 | D:1      | Noticed a tengu
    21 | D:1      | Noticed a vampire
    23 | D:1      | Noticed a spriggan
    25 | D:1      | Noticed a naga
    25 | D:1      | Noticed a demonspawn
    27 | D:1      | Noticed an ogre
   148 | D:1      | Reached XP level 2. HP: 17/19 MP: 2/2
   326 | D:1      | Reached XP level 3. HP: 8/23 MP: 3/3
  1050 | D:2      | Reached XP level 4. HP: 29/29 MP: 4/4
  1276 | D:2      | Noticed Robin
  1322 | D:2      | Killed Robin
  1351 | D:2      | Noticed Natasha
  1361 | D:2      | Killed Natasha
  1361 | D:2      | Reached skill level 1 in Armour
  1402 | D:2      | Reached skill level 1 in Staves
  1409 | D:2      | Reached XP level 5. HP: 16/33 MP: 5/5
  1455 | D:2      | Noticed Natasha
  1474 | D:2      | Killed Natasha
  1808 | D:2      | Found a hazy altar of Hepliaklqana.
  1813 | D:2      | Found a stormy altar of Qazlal.
  1818 | D:2      | Found a shadowy altar of Dithmenos.
  1943 | D:2      | Noticed Natasha
  1953 | D:2      | Killed Natasha
  2028 | D:3      | Reached XP level 6. HP: 38/38 MP: 6/6
  2369 | D:3      | Noticed Tsab79's ghost (amateur DsNe)
  2377 | D:3      | Found a runed translucent gate.
  2377 | D:3      | Found a runed translucent gate.
  2379 | D:3      | Found a runed translucent gate.
  2438 | D:4      | Gained mutation: You are agile. (Dex +2) [potion of
                  | mutation]
  2438 | D:4      | Gained mutation: You have a pair of small antennae on your
                  | head. [potion of mutation]
  2512 | D:4      | Got a crystal hand axe
  2514 | D:4      | Identified the +3 hand axe of Victory {drain, rN+ MR+
                  | Str+4} (You found it on level 4 of the Dungeon)
  2583 | D:4      | Noticed a phantom
  2607 | D:4      | Killed a phantom
  2607 | D:4      | Reached XP level 7. HP: 36/43 MP: 7/7
  2675 | D:4      | Reached skill level 5 in Staves
  3478 | D:3      | Killed Tsab79's ghost
  3478 | D:3      | Reached skill level 1 in Axes
  3794 | D:5      | Entered Level 5 of the Dungeon
  3875 | D:5      | Reached XP level 8. HP: 46/48 MP: 8/8
  3982 | D:5      | Reached skill level 5 in Fighting
  4419 | D:6      | Reached skill level 5 in Axes
  4448 | D:6      | Noticed Blork the orc
  4461 | D:6      | Killed Blork the orc
  4488 | D:6      | Found a shimmering altar of Xom.
  4488 | D:6      | Found a sparkling altar of Nemelex Xobeh.
  4488 | D:6      | Found a radiant altar of Vehumet.
  4503 | D:6      | Found an ancient bone altar of Kikubaaqudgha.
  4523 | D:6      | Reached XP level 9. HP: 52/55 MP: 9/9
  4905 | D:7      | Reached skill level 1 in Shields
  4924 | D:7      | Found a runed translucent door.
  4924 | D:7      | Found a shimmering altar of Xom.
  4924 | D:7      | Noticed a +2 trident of chaos
  4924 | D:7      | Noticed treziel's ghost (novice GrFi)
  4941 | D:7      | HP: 2/56 [+2 trident of chaos (11)]
  4948 | D:7      | Slain by a +2 trident of chaos

Levels and vault maps discovered:
D:1:      kb_arrival_jail, layout_rooms, minmay_gold_behind_fungi
D:2:      layout_loops_corners, minmay_overflow_temple_star_quad, uniq_robin,
          uniq_natasha
D:3:      layout_basic, gammafunk_ghost_split
D:4:      layout_loops_corners, hangedman_decor_riveting, minmay_misc_feat_doors
D:5:      layout_basic, first_ration
D:6:      layout_rooms, nicolae_overflow_quartered_altars, uniq_blork_the_orc
D:7:      layout_rooms, kennysheep_mini, minmay_temple_entry_gardened_gates,
          ebering_ghost_xom, grunt_ogre_cave, uniq_pikel, uniq_duvessa,
          uniq_joseph

Skill      XL: |  1  2  3  4  5  6  7  8  9 |
---------------+----------------------------+-----
Stealth        | 3 |  3.0
Dodging        | 3 |  3.0
Fighting       | 4 6 |  6.6
Armour         | 1 2 3 4 |  4.7
Staves         | 1 3 4 5 |  5.4
Axes           | 2 5 6 |  6.8
Shields        | 1 |  1.1
Maces & Flails | |  3.5

Action                   |  1- 3 |  4- 6 |  7- 9 || total
-------------------------+-------+-------+-------++-------
Melee: Mace              |   126 |    40 |       ||   166
       Lajatang          |       |   196 |       ||   196
       Unarmed           |       |    19 |     1 ||    20
       Hand axe          |       |       |   276 ||   276
Evoke: Wand              |       |       |     1 ||     1
  Use: Scroll            |     1 |     4 |     8 ||    13
       Potion            |       |     7 |     4 ||    11
 Stab: Sleeping          |     4 |       |       ||     4
  Eat: Chunk             |       |     6 |     6 ||    12
       Ration            |       |       |     1 ||     1
Armor: Robe              |    14 |       |       ||    14
       Leather armour    |    33 |    28 |       ||    61
       Skin              |     1 |       |     1 ||     2
       Chain mail        |    37 |   144 |       ||   181
       Fire dragon scale |       |       |   163 ||   163
Dodge: Dodged            |    95 |   123 |   168 ||   386
Block: Buckler           |       |       |    20 ||    20
